 Dungeon Crawl Stone Soup version 0.18-a0-1070-gd466a24 (webtiles) character file.

1276 4thArraOfDagon the Firebug (level 8, 0/41 HPs)
             Began as a Deep Elf Fire Elementalist on Jan 13, 2016.
             Was a Priest of Vehumet.
             Shot with a bolt of penetration by a yaktaur captain (41 damage)
             ... on level 9 of the Dungeon.
             The game lasted 00:20:09 (2526 turns).

4thArraOfDagon the Firebug (DEFE)                   Turns: 2526, Time: 00:20:09

Health: 0/41       AC:  5    Str:  1    XL:     8   Next: 29%
Magic:  10/19      EV: 13    Int: 37    God:    Vehumet [***...]
Gold:   85         SH:  0    Dex: 15    Spells: 4 memorised, 6 levels left

rFire  + . .     SeeInvis .     B - +5 mace "Xabul" {crush, *Contam MR+ Int+7}
rCold  x . .     Gourm    .     a - +0 robe
rNeg   . . .     Faith    .     (no shield)
rPois  .         Spirit   .     (no helmet)
rElec  .         Dismiss  .     p - +1 cloak
rCorr  .         Reflect  .     C - +0 pair of gloves of Beogh's Whim {Regen+ Str-4 Int+7} (curse)
SustAt .         Harm     .     (no boots)
MR     ++...                    d - amulet of regeneration
Stlth  ++........               o - ring of fire
                                i - ring of protection from magic

@: very resistant to hostile enchantments, unstealthy
A: no striking features
a: Renounce Religion


You were on level 9 of the Dungeon.
You worshipped Vehumet.
Vehumet was most pleased with you.
You were not hungry.

You visited 1 branch of the dungeon, and saw 9 of its levels.

You collected 277 gold pieces.
You spent 192 gold pieces at shops.

Inventory:

Hand Weapons
 y - a +0 short sword of flaming
 B - the +5 mace "Xabul" (weapon) {crush, *Contam MR+ Int+7}
   (You found it on level 7 of the Dungeon)

   It inflicts extra damage upon your enemies.
   It affects your intelligence (+7).
   It affects your resistance to hostile enchantments.
   It causes magical contamination when unequipped.
Armour
 a - a +0 robe (worn)
 g - a +1 pair of gloves
 p - a +1 cloak (worn)
 q - a +1 ring mail of fire resistance
 C - the cursed +0 pair of gloves of Beogh's Whim (worn) {Regen+ Str-4 Int+7}
   (You bought it in a shop on level 7 of the Dungeon)

   It affects your strength (-4).
   It affects your intelligence (+7).
   It increases your rate of regeneration.
   It has a curse placed upon it.
Magical Staves
 I - an uncursed staff of conjuration {!a}
Rods
 D - a +0 rod of destruction (14/14)
   (You found it on level 8 of the Dungeon)
Jewellery
 d - an amulet of regeneration (around neck)
 i - a ring of protection from magic (left hand)
 k - an uncursed ring of protection from fire
 o - a ring of fire (right hand)
Wands
 E - a wand of teleportation (5/9)
Scrolls
 f - a scroll of enchant armour {unknown}
 h - 2 scrolls of amnesia
 t - a scroll of enchant weapon {unknown}
 v - 3 scrolls of remove curse
 F - 3 scrolls of fear {unknown}
 G - a scroll of immolation {unknown}
Potions
 e - 2 potions of flight
 j - 3 potions of curing
 m - 2 potions of heal wounds {unknown}
 n - a potion of mutation {unknown}
 r - 3 potions of might
 s - a potion of invisibility {unknown}
 w - a potion of ambrosia {unknown}
 x - 2 potions of cancellation {unknown}
 A - a potion of haste {unknown}
 H - a potion of berserk rage {unknown}
Books
 b - a book of Flames

   Spells                             Type                      Level
   a - Flame Tongue                   Conjuration/Fire             1
   b - Throw Flame                    Conjuration/Fire             2
   c - Conjure Flame                  Conjuration/Fire             3
   d - Inner Flame                    Hexes/Fire                   3
   e - Sticky Flame                   Conjuration/Fire             4
   f - Fireball                       Conjuration/Fire             5
Comestibles
 c - 4 bread rations
 l - 4 meat rations
 u - 3 fruits
 z - 7 chunks of flesh


   Skills:
 - Level 2.4 Dodging
 - Level 2.4 Stealth
 + Level 6.1 Spellcasting
 * Level 7.0 Conjurations
 * Level 7.9 Fire Magic


You had 6 spell levels left.
You knew the following spells:

 Your Spells              Type           Power        Failure   Level  Hunger
a - Flame Tongue          Conj/Fire      #####        1%          1    None
b - Conjure Flame         Conj/Fire      #######.     1%          3    None
c - Sticky Flame          Conj/Fire      #######.     1%          4    ##.....
d - Fireball              Conj/Fire      #######...   1%          5    ####...


Dungeon Overview and Level Annotations

Branches:
Dungeon (9/15)
 Temple: D:4-7         Lair: D:8-11         Orc: D:9-12

Altars:
Gozag
Kikubaaqudgha
Makhleb
Trog
Vehumet
Zin

Shops:
D:7 [

Annotations:
D:3 exclusion: downstairs
D:4 exclusion: centaur, cireshan's ghost, amateur HECj
D:5 exclusions: downstairs and upstairs
D:8 PinkishYellow's ghost, novice GrFi


Message History

This raw flesh tastes terrible.
You continue eating. x2
Things that are here:
a whip; an orc corpse You butcher the orc corpse.
z - 7 chunks of flesh (gained 3)
You see here a whip.
You see here a robe.
You open the door.
Unknown command.
There is an open door here.
Unknown command.
Unknown command.
Unknown command.
A yaktaur captain comes into view.
The yaktaur captain wields an arbalest.
The yaktaur captain shoots a bolt of penetration.
The bolt of penetration pierces through you!!!
Ouch! That really hurt!
You die...

#....# #....# #....#
.. #....# .# #)...#
.# #.).)# .# #).))#
.# ######....##.#
#@..##.......#
#.###.#....#..# #c
#.'[#..#..##### #.
#.###..#....... ##
..## #..#.......
####### #..#.......
#.....# #..#.......
#.....###..#.......
#........ยง.).......


You could see a yaktaur captain.

Vanquished Creatures
  An orc warrior (D:8)
  2 black bears
  3 ogres
  A giant frog (D:7)
  A gnoll sergeant (D:8)
  A water moccasin skeleton (D:9)
  A hound (D:4)
  4 orc priests
  A gnoll shaman (D:5)
  2 orc wizards
  An iguana (D:5)
  2 worker ants (D:5)
  9 gnolls
  7 adders
  A shadow imp (D:8)
  An ooze (D:2)
  2 worms (D:4)
  2 giant geckos
  22 orcs
  A ball python (D:1)
  5 bats
  6 giant cockroaches
  3 goblins
  6 hobgoblins (D:1)
  5 jackals
  6 kobolds
  2 quokkas
  A ball python skeleton (D:4)
  A giant gecko zombie (D:6)
  A quokka skeleton (D:4)
  4 rats
105 creatures vanquished.

Notes
Turn   | Place    | Note
--------------------------------------------------------------
     0 | D:1      | 4thArraOfDagon the Deep Elf Fire Elementalist began the quest for the Orb.
     0 | D:1      | Reached XP level 1. HP: 10/10 MP: 6/6
    94 | D:1      | Reached XP level 2. HP: 15/15 MP: 1/8
   194 | D:2      | Found a burning altar of Makhleb.
   194 | D:2      | Found a radiant altar of Vehumet.
   197 | D:2      | Became a worshipper of Vehumet
   469 | D:1      | Reached XP level 3. HP: 13/19 MP: 2/9
   489 | D:1      | Learned a level 3 spell: Conjure Flame
   560 | D:2      | Reached skill level 4 in Fire Magic
   562 | D:2      | Reached * piety under Vehumet
   562 | D:2      | Offered knowledge of Sting by Vehumet.
   571 | D:2      | #1
   701 | D:3      | Found a bloodstained altar of Trog.
   718 | D:3      | Reached XP level 4. HP: 24/24 MP: 3/11
   748 | D:4      | Noticed cireshan's ghost (amateur HECj)
   803 | D:3      | Found a glowing silver altar of Zin.
   804 | D:3      | Found an opulent altar of Gozag.
   895 | D:4      | Noticed a centaur
   908 | D:4      | Learned a level 4 spell: Sticky Flame
   937 | D:4      | Found an ancient bone altar of Kikubaaqudgha.
  1159 | D:4      | st0uf: hi, it's 15:00
  1171 | D:4      | 4thArraOfDagon: Oaken halls of sorrow
  1233 | D:4      | 4thArraOfDagon: is the place
  1233 | D:4      | 4thArraOfDagon: and yea its 15:00
  1269 | D:4      | Offered knowledge of Searing Ray by Vehumet.
  1270 | D:4      | #2
  1272 | D:5      | Entered Level 5 of the Dungeon
  1292 | D:5      | Reached XP level 5. HP: 28/28 MP: 5/13
  1329 | D:5      | Reached skill level 5 in Fire Magic
  1379 | D:6      | Noticed an ogre
  1523 | D:5      | Reached ** piety under Vehumet
  1700 | D:5      | Reached XP level 6. HP: 12/32 MP: 3/14
  1860 | D:6      | Reached skill level 6 in Fire Magic
  1867 | D:6      | Reached skill level 5 in Conjurations
  1939 | D:6      | Learned a level 5 spell: Fireball
  2029 | D:7      | Reached XP level 7. HP: 36/36 MP: 12/16
  2035 | D:7      | Reached skill level 5 in Spellcasting
  2108 | D:7      | Got a bone mace
  2115 | D:7      | Identified the +5 mace "Xabul" {crush, *Contam MR+ Int+7} (You found it on level 7 of the Dungeon)
  2134 | D:7      | Found Yffycs Qudgh's Armour Shoppe.
  2137 | D:7      | Bought the cursed +0 pair of gloves of Beogh's Whim {Regen+ Str-4 Int+7} for 192 gold pieces
  2198 | D:8      | Noticed PinkishYellow's ghost (novice GrFi)
  2304 | D:8      | Reached skill level 7 in Fire Magic
  2336 | D:8      | Reached XP level 8. HP: 41/41 MP: 7/18
  2336 | D:8      | Offered knowledge of Ignite Poison by Vehumet.
  2504 | D:9      | Reached *** piety under Vehumet
  2526 | D:9      | Noticed a yaktaur captain
  2526 | D:9      | Shot with a bolt of penetration by a yaktaur captain

Vault maps used:
D:1:      mainiacjoe_arrival_reflecting_pool, st_stairs_6, minivault_5
D:2:      gammafunk_temple_overflow_elements,
          nicolae_ru_great_annihilating_truth, lemuel_round_altar, uniq_jessica
D:3:      grunt_temple_overflow_gold_and_silver, roderic_ancient_swastika,
          trog_three_pillars_becter
D:4:      kb_xom_exploding_sheep, kennysheep_little_box
D:5:      first_bread
D:7:      serial_shops, kennysheep_mini, serial_bayou, serial_bayou_lagoon_b,
          serial_bayou_ford_a, serial_bayou_shore_b, serial_bayou_pond_e,
          serial_bayou_pond_e
D:8:      glass_columns_a
D:9:      serial_shops, shop, kennysheep_just_a_vault

Action                   |  1- 3 |  4- 6 |  7- 9 || total
-------------------------+-------+-------+-------++-------
Melee: Short sword       |    17 |    21 |    17 ||    55
       Unarmed           |     3 |     4 |       ||     7
       Club              |     2 |       |       ||     2
       Mace              |       |       |    11 ||    11
 Cast: Flame Tongue      |    71 |    91 |     9 ||   171
       Sticky Flame      |       |     9 |     9 ||    18
       Conjure Flame     |       |     2 |     3 ||     5
       Fireball          |       |       |     6 ||     6
  Use: Scroll            |     2 |     4 |       ||     6
 Stab: Sleeping          |       |     1 |     1 ||     2
       Distracted        |       |       |     1 ||     1
  Eat: Chunk             |       |     4 |     4 ||     8
       Fruit             |       |     1 |       ||     1
